Map: Pillars of Gold LE

Players

Neuropozyne

  • Race: Protoss Protoss
  • League: Diamond
  • Spawn Location: 7:00

Zaechus - Winner!

  • Race: Protoss Protoss
  • League: Diamond
  • Spawn Location: 1:00

VOD

Have the link to the VOD?

Description

Time

  • Played on: Aug. 4, 2020, 6:17 p.m.
  • Length: 5:04
Show
View Real Time Build Order
Export as new Build Order

Neuropozyne Protoss 

Build Orders:  

Get SALT Encoding   

  12  0:00  Probe  
  13  0:12  Probe  
  14  0:21  Pylon  
  14  0:25  Probe  
  15  0:42  Gateway  
  15  0:45  Probe  
  16  0:55  Assimilator  
  17  0:57  Probe  
  17  1:06  Gateway  
  17  1:11  Probe (Chrono Boost)  
  18  1:23  Probe (Chrono Boost)  
  19  1:25  Assimilator  
  19  1:30  Probe (Chrono Boost)  
  20  1:38  Probe (Chrono Boost)  
  21  1:42  Cybernetics Core  
  21  1:50  Probe (Chrono Boost)  
  22  2:05  Pylon  
  22  2:16  Nexus  
  22  2:25  Shield Battery  
  22  2:34  Stalker  
  22  2:37  Probe  
  25  2:45  Stalker  
  25  2:49  Probe  
  28  2:52  Warp Gate  
  28  3:15  Stargate  
  28  3:20  Stalker  
  28  3:26  Pylon  
  30  3:27  Stalker  
  30  3:30  Probe  
  30  3:33  Probe  
  34  3:42  Probe  
  34  3:45  Probe  
  36  3:57  Void Ray (Chrono Boost)  
  40  4:16  Gateway  
  40  4:20  Probe  
  41  4:30  Pylon  
  41  4:33  Gateway  
  45  4:40  Stalker  
  45  4:42  Probe  
Show
View Real Time Build Order
Export as new Build Order

Zaechus Protoss - Winner!

Build Orders:  

Get SALT Encoding   

  12  0:00  Probe  
  13  0:12  Probe  
  14  0:18  Pylon  
  14  0:24  Probe (Chrono Boost)  
  15  0:36  Probe (Chrono Boost)  
  15  0:39  Gateway  
  16  0:44  Assimilator  
  16  0:50  Assimilator  
  16  0:52  Probe  
  17  1:04  Probe  
  18  1:11  Gateway  
  18  1:16  Probe  
  19  1:28  Probe  
  19  1:29  Cybernetics Core  
  20  1:40  Probe (Chrono Boost)  
  21  1:52  Probe (Chrono Boost)  
  22  1:58  Probe (Chrono Boost)  
  22  2:00  Pylon  
  23  2:09  Warp Gate  
  23  2:18  Adept x2  
  23  2:22  Pylon  
  27  2:29  Robotics Facility  
  27  2:48  Stalker x2  
  31  3:07  Pylon  
  30  3:14  Immortal (Chrono Boost)  
  30  3:19  Stalker x2  
  38  3:26  Shield Battery  
  38  3:42  Warp Prism (Chrono Boost)  
  40  4:00  Stalker x2  
  44  4:24  Pylon  
  48  4:49  Stalker  
  48  4:50  Stalker  
Tags
 
Add a new tag
Caveats
  • Supply blocks, unpowered buildings, or Contaminate may cause inaccurate times.
  • Supply counts are checked every 10 seconds.